Description

Its a defensive build order. Use the map to your advantage and expand the 3th and 4th nexux in the flying islands between the two mains with a prism.

Replay - ShoWTimE v Snute: Game 2 - New Gettysburg LE

Build Order

Get SALT Encoding   

  12  0:01  Probe (Chrono Boost)  
  13  0:11  Probe (Chrono Boost)  
  14  0:19  Pylon  
  14  0:22  Probe (Chrono Boost)  
  15  0:37  Probe (Chrono Boost)  
  16  0:48  Probe (Chrono Boost)  
  17  1:01  Nexus  
  18  1:04  Probe (Chrono Boost)  
  18  1:16  Gateway  
  18  1:19  Probe (Chrono Boost)  
  19  1:27  Assimilator  
  19  1:30  Probe (Chrono Boost)  
  20  1:34  Assimilator  
  20  1:40  Probe (Chrono Boost)  
  20  1:45  Gateway  
  21  1:51  Probe (Chrono Boost)  
  22  2:01  Probe (Chrono Boost)  
  22  2:04  Cybernetics Core  
  23  2:12  Probe (Chrono Boost)  
  23  2:13  Probe (Chrono Boost)  
  25  2:23  Probe x2 (Chrono Boost)  
  27  2:34  Probe x2 (Chrono Boost)  
  27  2:37  Stalker x2  
  29  2:42  Warp Gate  
  33  2:49  Mothership Core (Chrono Boost)  
  36  2:51  Probe (Chrono Boost)  
  36  2:56  Pylon  
  36  3:04  Probe (Chrono Boost)  
  37  3:08  Probe (Chrono Boost)  
  37  3:10  Zealot  
  38  3:16  Probe (Chrono Boost)  
  38  3:18  Probe (Chrono Boost)  
  38  3:19  Pylon  
  42  3:23  Assimilator  
  42  3:25  Assimilator  
  43  3:28  Probe (Chrono Boost)  
  43  3:29  Probe (Chrono Boost)  
  44  3:38  Probe (Chrono Boost)  
  44  3:39  Probe (Chrono Boost)  
  46  3:42  Stargate  
  46  3:43  Stargate  
  46  3:48  Pylon  
  46  3:49  Probe (Chrono Boost)  
  46  3:50  Probe (Chrono Boost)  
  48  4:00  Probe (Chrono Boost)  
  48  4:01  Robotics Facility  
  50  4:07  Gateway  
  50  4:09  Pylon  
  49  4:10  Probe (Chrono Boost)  
  49  4:11  Probe (Chrono Boost)  
  49  4:16  Pylon  
  51  4:21  Probe (Chrono Boost)  
  51  4:22  Probe (Chrono Boost)  
  53  4:24  Phoenix  
  53  4:25  Phoenix  
  57  4:34  Probe (Chrono Boost)  
  57  4:35  Probe (Chrono Boost)  
  59  4:44  Protoss Air Weapons Level 1  
  59  4:46  Phoenix, Warp Prism  
  59  4:49  Phoenix  
  65  4:55  Probe (Chrono Boost)  
  65  4:59  Pylon  
  66  5:02  Probe (Chrono Boost)  
  68  5:07  Probe (Chrono Boost)  
  68  5:08  Phoenix  
  68  5:14  Phoenix  
  73  5:15  Probe (Chrono Boost)  
  73  5:19  Probe (Chrono Boost)  
  74  5:30  Phoenix  
  74  5:33  Probe x2 (Chrono Boost)  
  78  5:37  Nexus  
  78  5:39  Phoenix  
  78  5:40  Pylon  
  80  5:47  Probe (Chrono Boost)  
  81  5:51  Phoenix  
  81  5:54  Pylon  
  83  5:57  Sentry  
  83  5:59  Immortal  
  83  6:04  Probe x2 (Chrono Boost), Phoenix  
  93  6:13  Phoenix  
  93  6:14  Pylon  
  95  6:29  Phoenix  
  95  6:30  Probe x2 (Chrono Boost)  
  99  6:34  Forge  
  99  6:41  Assimilator  
  99  6:42  Probe (Chrono Boost)  
  99  6:43  Probe (Chrono Boost)  
  101  6:54  Assimilator, Probe (Chrono Boost)  
  103  6:55  Probe (Chrono Boost)  
  103  7:01  Void Ray  
  103  7:07  Void Ray  
  103  7:08  Probe (Chrono Boost), Stargate  
  112  7:19  Probe (Chrono Boost)  
  113  7:28  Photon Cannon  
  113  7:29  Fleet Beacon, Probe (Chrono Boost)  
  114  7:32  Photon Cannon  
  114  7:40  Probe (Chrono Boost)  
  115  7:50  Probe (Chrono Boost)  
  116  8:01  Probe (Chrono Boost)  
  116  8:03  Nexus  
  117  8:06  Pylon  
  117  8:08  Pylon  
  117  8:10  Photon Cannon  
  117  8:11  Protoss Shields Level 1  
  117  8:12  Photon Cannon, Graviton Catapult, Probe (Chrono Boost)  
  118  8:13  Carrier  
  118  8:14  Carrier  
  118  8:15  Carrier  
  124  8:24  Probe (Chrono Boost)  
  137  8:31  Pylon  
  137  8:40  Pylon  
  135  8:50  Twilight Council  
  135  9:05  Sentry  
  135  9:07  Photon Cannon  
  135  9:08  Pylon  
  137  9:15  Sentry  
  139  9:24  Cybernetics Core, Probe (Chrono Boost)  
  139  9:26  Assimilator  
  139  9:27  Carrier  
  139  9:29  Carrier  
  139  9:30  Assimilator  
  140  9:35  Probe (Chrono Boost)  
  141  9:40  Carrier  
  141  9:42  Photon Cannon  
  160  9:45  Probe (Chrono Boost)  
  160  9:46  Photon Cannon  
  160  9:50  Photon Cannon  
  160  9:54  Photon Cannon  
  160  9:56  Probe (Chrono Boost)  
  160  9:59  Protoss Air Armor Level 1  
  161  10:01  Gateway  
  161  10:06  Probe (Chrono Boost), Protoss Air Weapons Level 2, Pylon  
  162  10:07  Pylon  
  162  10:14  Photon Cannon  
  162  10:17  Photon Cannon  
  162  10:19  Stargate  
  162  10:26  Templar Archives  
  160  10:29  Resonating Glaives  
  160  10:31  Photon Cannon  
  160  10:35  Pylon  
  160  10:37  Gateway  
  160  10:38  Gateway  
  160  10:48  Carrier  
  160  10:52  Carrier  
  160  10:56  Pylon  
  172  10:58  Protoss Shields Level 2  
  172  10:59  Gateway  
  172  11:10  Carrier  
  172  11:13  Psionic Storm  
  178  11:20  Adept  
  180  11:27  Gateway  
  180  11:28  Gateway  
  180  11:34  Carrier  
  186  11:44  High Templar  
  188  11:48  Adept x2  
  192  12:14  Carrier  
  198  12:17  Adept  
  196  12:59  Stalker  
  196  13:00  Stalker x2  
  194  13:22  Adept x3  
  198  13:51  Adept  
  198  13:52  Adept  
Spawning Tool Build Advisor. Get it on Overwolf

Analysis

first phoenixes are created to take control of the map. Then expandin the near island. Defends the ground assaults and scouting continually with phenixes. Build the carriers and defends the islands with cannons by drops.

Attack with mothership too for recall.

Go to:

Details

  • Created by: Zeruell
  • Published on: Sep 15, 2016
  • Modified on: Sep 15, 2016
  • Patch: Pre-3.8.0
Show
View Real Time Build Order
Export as new Build Order

Comments (0)

There are no comments. Be the first!

Create an account to comment!